 Dungeon Crawl Stone Soup version 0.28.0-53-g5a82cb258f (webtiles) character file.

Game seed: 6783952068525081673

10447 DemonSlayer the Thaumaturge (level 11, -10/75 HPs)
             Began as a Demonspawn Fire Elementalist on July 27, 2022.
             Was a Follower of Cheibriados.
             Mangled by an entropy weaver simulacrum (18 damage)
             ... in an ice cave.
             The game lasted 00:30:23 (12881 turns).

DemonSlayer the Thaumaturge (DsFE)                 Turns: 12881, Time: 00:30:25

Health: -10/75     AC:  4    Str: 10    XL:     11   Next: 36%
Magic:  10/24      EV: 11    Int: 23    God:    Cheibriados [*.....]
Gold:   550        SH: 19    Dex: 16    Spells: 8/29 levels left

rFire   . . .      SeeInvis .   E - +3 dagger (venom)
rCold   . . .      Faith    .   y - +2 kite shield
rNeg    . . .      Spirit   .   a - +1 robe
rPois   .          Reflect  .   e - +0 hat
rElec   .          Harm     .   D - +0 cloak
rCorr   .          Rampage  .   (no gloves)
Will    +....                   (no boots)
Stlth   ++++......              F - amulet of the acrobat
HPRegen 0.22/turn               i - ring of willpower
MPRegen 0.19/turn               (no ring)

@: mighty, very slow
A: large bone plates 3, powered by pain 1, demonic magic 1, demonic touch 1
a: Renounce Religion, Bend Time


You were in an ice cave.
You worshipped Cheibriados.
Cheibriados was aware of your devotion.
You visited 3 branches of the dungeon, and saw 12 of its levels.
You also visited: Ice Cave.

You collected 550 gold pieces.

Inventory:

Hand Weapons
 l - a +0 broad axe
 n - a +2 vampiric rapier
 u - a +5 spear of freezing
 E - a +3 dagger of venom (weapon)
Missiles
 p - 4 atropa-tipped darts
 q - 24 sling bullets
Armour
 a - a +1 robe (worn)
 e - a +0 hat (worn)
 y - a +2 kite shield (worn)
 D - a +0 cloak (worn)
Jewellery
 i - a ring of willpower (left hand)
 F - an amulet of the acrobat (around neck)
Wands
 m - a wand of flame (11)
 o - a wand of charming (13)
 t - a wand of digging (9)
 C - a wand of iceblast (1)
Scrolls
 f - 4 scrolls of amnesia
 k - a scroll of fear
 v - 3 scrolls of teleportation
 x - a scroll of enchant armour
 z - a scroll of fog
Potions
 b - a potion of haste {unknown}
 c - a potion of attraction
 d - a potion of heal wounds
 g - a potion of lignification
 h - 4 potions of curing
 j - 2 potions of ambrosia
 r - 2 potions of flight
 s - a potion of brilliance {unknown}
 w - a potion of mutation {unknown}
 A - a potion of cancellation {unknown}


   Skills:
 + Level 3.6 Fighting
 + Level 2.2 Short Blades
 + Level 1.2 Polearms
 + Level 0.8 Throwing
 + Level 3.3 Dodging
 + Level 7.4 Stealth
 + Level 2.4 Shields
 + Level 9.6 Spellcasting
 + Level 5.2 Conjurations
 + Level 9.4 Fire Magic
 + Level 0.2 Evocations


You had 8 spell levels left.
You knew the following spells:

 Your Spells              Type           Power      Damage    Failure   Level
a - Foxfire               Conj/Fire      100%       2x1d9     1%          1
b - Scorch                Fire           100%       2d10      1%          2
c - Conjure Flame         Conj/Fire      44%        6-21      2%          3
d - Flame Wave            Conj/Fire      44%        2d10      9%          4
e - Tukima's Dance        Hex            11%        N/A       50%         3
f - Sticky Flame          Conj/Fire      44%        2d6       9%          4
g - Anguish               Hex/Necr       5%         N/A       88%         4

Your spell library contained the following spells:

 Spells                   Type           Power      Damage    Failure   Level
 Inner Flame              Hex/Fire       32%        N/A       9%          3
 Ignite Poison            Fire/Tmut/Pois 25%        N/A       16%         3
 Apportation              Tloc           22%        N/A       19%         1
 Sandblast                Erth           22%        2d7       19%         1
 Summon Small Mammal      Summ           44%        N/A       19%         1
 Call Canine Familiar     Summ           11%        N/A       50%         3
 Summon Guardian Golem    Hex/Summ       11%        N/A       50%         3
 Animate Dead             Necr           5%         N/A       88%         4
 Alistair's Intoxication  Tmut/Pois      7%         N/A       99%         5
 Borgnjor's Vile Clutch   Necr/Erth      5%         N/A       99%         5
 Death Channel            Necr           5%         N/A       100%        6
 Enfeeble                 Hex            5%         N/A       100%        7


Dungeon Overview and Level Annotations

Branches:
Dungeon (9/15)             Temple (1/1) D:6            Lair (2/6) D:8
  Snake (0/4) Lair:2        IceCv (1/1)
  Swamp: Lair:2-4    Shoals: Lair:2-4       Orc: D:9-12

Altars:
Ashenzari
Cheibriados
Dithmenos
Elyvilon
Fedhas
Gozag
Hepliaklqana
Kikubaaqudgha
Okawaru
Trog
Uskayaw
Wu Jian
Yredelemnul
Zin
The Shining One

Annotations:
D:5 2 transporters, Menkaure
D:9 3 runed translucent doors, GloriousHammer's ghost, novice FeSu


Innate Abilities, Weirdness & Mutations

You are completely covered in large bone plates. (SH +8)
You sometimes gain a little power by taking damage.
Spells you cast may paralyse adjacent enemies.
Your touch may inflict minor irresistible damage on your foes.


Message History

The spriggan simulacrum vaporises!
Flames lash the ice devil but do no damage.
Malevolent energies surge around you.
Flames lash the ice devil.
The ice devil is burned terribly!
The ice devil is moderately wounded.
The ice devil's fire resistance burns away.
Malevolent energies surge around you.
A cane toad simulacrum comes into view.
Flames lash the cane toad simulacrum.
The cane toad simulacrum is lightly damaged.
The cane toad simulacrum's fire resistance burns away.
Malevolent energies surge around you.
Flames lash the cane toad simulacrum.
The cane toad simulacrum melts!
The cane toad simulacrum is almost destroyed.
Malevolent energies surge around you.
An entropy weaver simulacrum comes into view.
The ice devil hits you!
You focus on the pain.
You feel your power returning. The ice devil freezes you!
Flames lash the two-headed ogre simulacrum.
The two-headed ogre simulacrum melts!
The two-headed ogre simulacrum is severely damaged.
The two-headed ogre simulacrum's fire resistance burns away.
Malevolent energies surge around you. You block the ice devil's attack.
The cane toad simulacrum is engulfed in blazing flames.
The cane toad simulacrum vaporises!
Cheibriados appreciates the change of pace.
Unknown command.
Flames lash the ice devil.
The ice devil is burned terribly!
The ice devil is heavily wounded.
Malevolent energies surge around you. You block the ice devil's attack.
The entropy weaver simulacrum is engulfed in blazing flames.
The entropy weaver simulacrum hits you.
The entropy weaver simulacrum freezes you!!
* * * LOW HITPOINT WARNING * * *
You focus on the pain.
You feel very mighty all of a sudden. The entropy weaver simulacrum hits you!
* * * LOW HITPOINT WARNING * * *
The entropy weaver simulacrum freezes you!!
You die...

.. ... #### ....
##..###### ###....
##....##..## .#.....
#..........###Z......
#.∩.∩.......#Z4Z.....
#.......##...@##.Z...
##....#####..## ...
##..## #### . ####


You could see an ice devil (combustible), a death yak simulacrum, a two-headed
ogre simulacrum (combustible) and an entropy weaver simulacrum.

Vanquished Creatures
  Gastronok (D:9)
  A hydra (Lair:1)
  A two-headed ogre (D:9)
  Erica (D:9)
  A black mamba (Lair:1)
  A guardian serpent (Lair:2)
  A cane toad (Lair:2)
  2 rime drakes (Lair:2)
  2 komodo dragons
  A troll (D:7)
  3 blink frogs (Lair:1)
  Sigmund (D:2)
  4 yaks (Lair:1)
  A steam dragon (D:7)
  Eustachio (D:4)
  3 water moccasins
  3 orc warriors (D:9)
  A sky beast (D:6)
  2 black bears (D:6)
  2 necrophages (D:7)
  A phantom (D:5)
  4 centaurs
  A kobold brigand (D:9)
  4 bullfrogs
  2 gnoll sergeants
  A cane toad simulacrum (IceCv)
  A wyvern skeleton (D:7)
  2 scorpions
  5 killer bees (D:7)
  7 wights
  7 howler monkeys
  A centaur zombie (D:9)
  4 hounds
  A jelly (D:6)
  2 bullfrog skeletons
  An orc priest (D:9)
  2 gnoll shamans (D:6)
  An iguana (D:7)
  A scorpion zombie (D:5)
  Natasha (thrice) (D:2)
  4 orc wizards
  A killer bee zombie (D:8)
  A spriggan simulacrum (IceCv)
  Robin (D:3)
  7 adders
  17 gnolls
  A shadow imp (D:7)
  3 white imps
  2 ufetubi
  2 adder skeletons (D:4)
  5 dart slugs
  17 orcs
  8 endoplasms
  4 giant cockroaches
  12 goblins
  16 hobgoblins
  15 kobolds
  4 quokkas
  6 ball pythons
  8 bats
  5 frilled lizards
  7 rats
230 creatures vanquished.

Vanquished Creatures (collateral kills)
  4 foxfires
4 creatures vanquished.

Vanquished Creatures (others)
  An orc wizard (D:4)
  501 foxfires
  2 fungi (Lair:2)
  10 plants
514 creatures vanquished.

Grand Total: 748 creatures vanquished

Notes
Turn   | Place    | Note
-------+----------+-------------------------------------------
     0 | D:1      | DemonSlayer the Demonspawn Fire Elementalist began the
                  | quest for the Orb.
     0 | D:1      | Reached XP level 1. HP: 13/13 MP: 3/3
   345 | D:1      | Gained mutation: You are partially covered in large bone
                  | plates. (SH +4) [demonic ancestry]
   345 | D:1      | Reached XP level 2. HP: 19/19 MP: 5/5
   348 | D:1      | Learned a level 2 spell: Scorch
  1103 | D:1      | Found a faded altar of an unknown god.
  1160 | D:1      | Gained mutation: Spells you cast may paralyse adjacent
                  | enemies. [demonic ancestry]
  1160 | D:1      | Reached XP level 3. HP: 24/24 MP: 1/6
  1208 | D:1      | Got Plato's Compendium of Clay
  1344 | D:1      | Learned a level 3 spell: Conjure Flame
  1442 | D:2      | Noticed Sigmund
  1453 | D:2      | Killed Sigmund
  1454 | D:2      | Reached XP level 4. HP: 30/30 MP: 2/8
  1454 | D:2      | Reached XP level 5. HP: 35/35 MP: 2/9
  1570 | D:2      | Noticed Natasha
  1582 | D:2      | Killed Natasha
  1583 | D:2      | Reached skill level 1 in Short Blades
  1682 | D:2      | Noticed Natasha
  1687 | D:2      | Killed Natasha
  1908 | D:2      | Reached XP level 6. HP: 42/42 MP: 5/10
  2175 | D:2      | Noticed Natasha
  2178 | D:2      | Killed Natasha
  2382 | D:2      | Learned a level 4 spell: Flame Wave
  2590 | D:3      | Noticed Robin
  2933 | D:3      | Found a hide-covered altar of Uskayaw.
  2933 | D:3      | Found an iron altar of Okawaru.
  3001 | D:3      | Found a shadowy altar of Dithmenos.
  3119 | D:3      | Killed Robin
  3233 | D:3      | Found a bloodstained altar of Trog.
  4178 | D:4      | Gained mutation: You sometimes gain a little power by
                  | taking damage. [demonic ancestry]
  4178 | D:4      | Reached XP level 7. HP: 47/47 MP: 12/12
  4230 | D:4      | Noticed Eustachio
  4241 | D:4      | Killed Eustachio
  4461 | D:4      | Learned a level 3 spell: Tukima's Dance
  4480 | D:5      | Entered Level 5 of the Dungeon
  4989 | D:5      | Found a broken altar of Ashenzari.
  5023 | D:5      | Found a basalt altar of Yredelemnul.
  5025 | D:5      | Noticed Menkaure
  5027 | D:5      | Found an ancient bone altar of Kikubaaqudgha.
  5027 | D:5      | Noticed a vampire
  5195 | D:5      | Noticed a wraith
  5197 | D:5      | Found a transporter.
  5206 | D:5      | Reached skill level 5 in Fire Magic
  5286 | D:5      | Found a hazy altar of Hepliaklqana.
  5315 | D:5      | Found a transporter.
  5458 | D:6      | Reached skill level 1 in Fighting
  5458 | D:6      | Gained mutation: You are mostly covered in large bone
                  | plates. (SH +6) [demonic ancestry]
  5458 | D:6      | Reached XP level 8. HP: 46/54 MP: 11/14
  5562 | D:6      | You fall into a shaft and drop 1 floor!
  5776 | D:7      | Noticed a troll
  5839 | D:7      | Reached skill level 5 in Stealth
  5938 | D:7      | Killed a troll
  5939 | D:7      | Reached skill level 5 in Spellcasting
  6363 | D:7      | Learned a level 4 spell: Sticky Flame
  6373 | D:7      | Gained mutation: You are completely covered in large bone
                  | plates. (SH +8) [demonic ancestry]
  6373 | D:7      | Reached XP level 9. HP: 59/59 MP: 3/17
  7868 | D:6      | Found a staircase to the Ecumenical Temple.
  8313 | D:6      | Learned a level 4 spell: Anguish
  8380 | Temple   | Entered the Ecumenical Temple
  8387 | Temple   | Became a worshipper of Cheibriados the Contemplative
  9196 | D:8      | Found a staircase to the Lair.
  9197 | D:8      | Noticed a komodo dragon
  9215 | D:8      | Killed a komodo dragon
  9216 | D:8      | Reached skill level 1 in Polearms
  9647 | Lair:1   | Entered Level 1 of the Lair of Beasts
  9647 | Lair:1   | Noticed a seven-headed hydra
  9647 | Lair:1   | Noticed a komodo dragon
  9656 | Lair:1   | Killed a seven-headed hydra
  9657 | Lair:1   | Gained mutation: Your touch may inflict minor irresistible
                  | damage on your foes. [demonic ancestry]
  9657 | Lair:1   | Reached XP level 10. HP: 35/70 MP: 17/21
 10038 | D:9      | Noticed Erica
 10046 | D:9      | Killed Erica
 10046 | D:9      | Reached * piety under Cheibriados
 10180 | D:9      | Noticed Gastronok
 10197 | D:9      | Killed Gastronok
 10198 | D:9      | Reached skill level 1 in Shields
 10323 | D:9      | Found a runed translucent gate.
 10324 | D:9      | Found a runed translucent gate.
 10325 | D:9      | Found a runed translucent gate.
 10362 | D:9      | Reached skill level 5 in Conjurations
 10593 | D:9      | Noticed a two-headed ogre
 10603 | D:9      | Killed a two-headed ogre
 10846 | D:9      | Noticed a spectral centaur warrior
 10848 | D:9      | Noticed GloriousHammer's ghost (novice FeSu)
 10851 | D:9      | Noticed a spectral centaur warrior
 11633 | Lair:1   | Reached XP level 11. HP: 75/75 MP: 16/24
 11918 | Lair:1   | Found an ornate altar of the Wu Jian Council.
 12328 | Lair:1   | You fall into a shaft and drop 1 floor!
 12328 | Lair:2   | Found a staircase to the Snake Pit.
 12546 | Lair:2   | Found a frozen archway.
 12594 | IceCv    | Entered an ice cave
 12881 | IceCv    | Mangled by an entropy weaver simulacrum

Illustrated notes

Levels and vault maps discovered:
D:1:      dpeg_arrival_oval, layout_basic, shapermc_ecumenical_altar_rom_forum,
          serial_rivers, chequers_serial_rivers_small_3,
          chequers_serial_rivers_large_a, chequers_serial_rivers_small_3,
          chequers_serial_rivers_small_3, minmay_tall_x
D:2:      layout_rooms, minmay_misc_feat_iff, uniq_sigmund, uniq_natasha
D:3:      layout_rooms, nicolae_overflow_quartered_altars, trog_hazing_becter,
          uniq_robin
D:4:      layout_rooms, uniq_eustachio
D:5:      layout_basic, mainiacjoe_overflow_six_doors_small,
          gammafunk_temple_of_torment, kennysheep_mini_moat, feat_on_display
D:6:      cheibrodos_iron_armory, layout_basic, kennysheep_mini,
          minmay_temple_entry_antechambers, hangedman_decor_lopped
D:7:      layout_basic, serial_undead, serial_undead_c, serial_undead_d,
          serial_undead_e, serial_undead_a, serial_undead_e
D:8:      layout_basic, david_lair_shrubbed
D:9:      layout_long_grid, gammafunk_ghost_necromancy, uniq_gastronok,
          uniq_erica
Temple:   compressed_dpeg_triangle_lava_temple
Lair:1:   layout_chaotic_city, basic_altar, evilmike_ambush
          [evilmike_ambush_outer_basic, evilmike_ambush_inner_basic]
Lair:2:   layout_cave_pods, minmay_snake_entry_spellcaster, special_room
          [special_room_bee], portal_ice_cave_rime, uniq_sonja
IceCv:    ice_cave_small_demon

Skill      XL: |  1  2  3  4  5  6  7  8  9 10 11 |
---------------+----------------------------------+-----
Stealth        | 2 3 4 5 6 7 |  7.4
Dodging        | 2 3 |  3.3
Fire Magic     | 3 4 5 6 7 8 9 |  9.4
Conjurations   | 2 3 4 5 |  5.2
Short Blades   | 1 2 |  2.2
Spellcasting   | 3 4 5 7 9 |  9.6
Fighting       | 1 3 |  3.6
Polearms       | 1 |  1.2
Shields        | 2 |  2.4
Throwing       | |  0.8
Evocations     | |  0.2

Action                   |  1- 3 |  4- 6 |  7- 9 | 10-12 || total
-------------------------+-------+-------+-------+-------++-------
Melee: Short sword       |    27 |       |       |       ||    27
       Unarmed           |     1 |       |       |       ||     1
       Punch             |     1 |       |       |       ||     1
       Dagger            |     9 |    50 |    42 |    23 ||   124
       Spear             |       |       |    13 |     4 ||    17
Throw: Dart              |       |       |     3 |     2 ||     5
       Throwing net      |       |       |     1 |       ||     1
 Cast: Foxfire           |    52 |   113 |    75 |    51 ||   291
       Scorch            |       |    30 |   101 |    58 ||   189
       Conjure Flame     |       |       |     2 |     1 ||     3
       Sticky Flame      |       |       |       |     7 ||     7
Evoke: Wand              |       |       |     2 |       ||     2
  Use: Scroll            |       |     7 |     9 |     5 ||    21
       Potion            |       |       |     1 |     1 ||     2
 Stab: Sleeping          |     4 |     2 |     5 |       ||    11
       Paralysed         |     5 |     8 |    27 |    21 ||    61
Armor: Robe              |     8 |     7 |     9 |     2 ||    26
Dodge: Dodged            |    18 |    39 |    58 |    17 ||   132
Block: Other             |     6 |     9 |    21 |     2 ||    38
       Kite shield       |       |       |       |    31 ||    31
